 Dungeon Crawl Stone Soup version 0.18-a0-1670-gb40d73e (webtiles) character file.

13833 ShittyPlayer the Cleaver (level 11, 0/87 HPs)
             Began as a Demonspawn Wizard on Apr 1, 2016.
             Was an Elder of Okawaru.
             Slain by a swamp worm (11 damage)
             ... on level 2 of the Lair of Beasts.
             The game lasted 00:48:05 (15981 turns).

ShittyPlayer the Cleaver (Demonspawn Wizard)       Turns: 15981, Time: 00:48:06

Health: 0/87       AC: 21    Str: 17    XL:     11   Next: 80%
Magic:  15/15      EV:  7    Int: 19    God:    Okawaru [****..]
Gold:   682        SH:  0    Dex: 12    Spells: 0 memorised, 16 levels left

rFire  . . .     SeeInvis .     O - +4 battleaxe
rCold  . . .     Gourm    .     H - +0 plate armour
rNeg   . . .     Faith    .     (shield currently unavailable)
rPois  +         Spirit   .     e - +0 helmet
rElec  .         Dismiss  +     p - +0 cloak
rCorr  .         Reflect  .     v - +0 pair of gloves
SustAt .         Harm     .     (no boots)
MR     .....     Clarity  +     u - amulet of dismissal
Stlth  ..........               P - ring of poison resistance
                                a - +6 ring of strength

@: confused, heroism, not resistant to hostile enchantments, extremely
unstealthy
A: talons 1, iridescent scales 2, clarity, nightstalker 1, spiny 1, no device
heal 1
a: Heroism, Renounce Religion


You were on level 2 of the Lair of Beasts.
You worshipped Okawaru.
Okawaru was greatly pleased with you.
You were hungry.

You visited 3 branches of the dungeon, and saw 13 of its levels.

You collected 682 gold pieces.

Inventory:

Hand Weapons
 O - a +4 battleaxe (weapon)
 V - a +5 executioner's axe of venom
Armour
 e - a +0 helmet (worn)
 p - a +0 cloak (worn)
 v - a +0 pair of gloves (worn)
 E - a +0 chain mail
 H - a +0 plate armour (worn)
Rods
 z - a -1 rod of shadows (9/9)
   (You found it on level 6 of the Dungeon)
Jewellery
 a - a +6 ring of strength (left hand)
 f - an uncursed ring of loudness
 g - a +3 ring of evasion
 s - an uncursed ring of stealth
 u - an amulet of dismissal (around neck)
 F - a +3 ring of intelligence
 P - a ring of poison resistance (right hand)
 Q - a +2 ring of strength
 S - an uncursed amulet of harm
Wands
 m - a wand of random effects (0/48)
 A - a wand of flame (0/48)
 G - a wand of digging (6/24)
 J - a wand of iceblast (6/15)
 L - a wand of lightning (0/15)
 X - a wand of digging (17/24)
Scrolls
 r - 11 scrolls of identify
 x - a scroll of teleportation
 C - 2 scrolls of blinking
 Y - a scroll of recharging
Potions
 l - 2 potions of mutation
 w - a potion of curing
 M - 2 potions of degeneration {unknown}
 R - a potion of haste {unknown}
 T - 2 potions of agility {unknown}
Books
 b - a book of Party Tricks

   Spells                             Type                      Level
   a - Summon Butterflies             Summoning                    1
   b - Apportation                    Translocation                1
   c - Tukima's Dance                 Hexes                        3
   d - Alistair's Intoxication        Transmutation/Poison         5
   e - Invisibility                   Hexes                        6
 c - a book of Minor Magic

   Spells                             Type                      Level
   a - Magic Dart                     Conjuration                  1
   b - Blink                          Translocation                2
   c - Call Imp                       Summoning                    2
   d - Repel Missiles                 Charms/Air                   2
   e - Slow                           Hexes                        2
   f - Conjure Flame                  Conjuration/Fire             3
   g - Mephitic Cloud                 Conjuration/Poison/Air       3
 K - a Necronomicon

   Spells                             Type                      Level
   a - Haunt                          Necromancy/Summoning         7
   b - Borgnjor's Revivification      Necromancy                   8
   c - Death's Door                   Charms/Necromancy            8
   d - Necromutation                  Transmutation/Necromancy     8
 N - Kemes's Disquisition on Orientation and the Rocks
   (You found it on level 9 of the Dungeon)

   Spells                             Type                      Level
   a - Sandblast                      Earth                        1
   b - Apportation                    Translocation                1
   c - Shroud of Golubria             Charms/Translocation         2
   d - Portal Projectile              Translocation                3
   e - Leda's Liquefaction            Hexes/Earth                  4
   f - Passage of Golubria            Translocation                4
 U - a Young Poisoner's Handbook

   Spells                             Type                      Level
   a - Sting                          Conjuration/Poison           1
   b - Cure Poison                    Poison                       2
   c - Mephitic Cloud                 Conjuration/Poison/Air       3
   d - Olgreb's Toxic Radiance        Poison                       4
   e - Venom Bolt                     Conjuration/Poison           5
Comestibles
 d - 5 bread rations
 i - 9 slices of pizza
 k - 6 beef jerkies
 B - 2 royal jellies
 D - 13 fruits


   Skills:
 - Level 8.4(13.4) Fighting
 + Level 14.9(19.9) Axes
 - Level 1.7(6.7) Dodging
 - Level 1.7(6.7) Stealth
 - Level 3.0 Spellcasting
   Level 2.0 Conjurations
   Level 1.0 Summonings
   Level 0.8 Translocations


You had 16 spell levels left.
You didn't know any spells.

Dungeon Overview and Level Annotations

Branches:
Dungeon (10/15)            Temple (1/1) D:5            Lair (2/8) D:8
    Orc (0/2) D:10

Altars:
Ashenzari
Cheibriados
Dithmenos
Elyvilon
Fedhas
Gozag
Kikubaaqudgha
Makhleb
Nemelex Xobeh
Okawaru
Pakellas
Qazlal
Ru
Sif Muna
Trog
Vehumet
Xom
Yredelemnul
Zin
The Shining One


Innate Abilities, Weirdness & Mutations

You have sharp toenails.
You are mostly covered in iridescent scales (AC +6).
You are slightly more attuned to the shadows.
You are partially covered in sharp spines.
You possess an exceptional clarity of mind.
Potions and wands are less effective at restoring your health.


Message History

The swamp worm disappears!
Drink which item? (? for menu, Esc to quit)
Okay, then.
Press: ? - help, v - describe, . - travel
Here: a swamp worm The floor.
You gain the combat prowess of a mighty hero.
You feel slightly more hungry. The swamp worm bites you!
* * * LOW HITPOINT WARNING * * *
Drink which item? (? for menu, Esc to quit)
You are confused.
You feel invigorated. The swamp worm bites you!
* * * LOW HITPOINT WARNING * * *
You slash the swamp worm!
The swamp worm is heavily wounded.
You hit the swamp worm.
The swamp worm is lightly wounded.
The swamp worm is struck by your spines.
The swamp worm bites you!
You die...

................#...# .#
....................#####.#
......<................P..#
##........................##
###.P##............#...#..#.≈
####^............##........
##........PP..##≈≈≈≈≈≈≈.
##........#..≈≈≈≈≈≈≈≈≈≈
#......@w...≈≈≈#######≈
##.......w...≈≈≈#≈≈≈≈≈##
#............≈≈≈≈≈≈≈≈≈$#
##...........≈≈≈#≈≈≈≈≈##
##...........≈≈≈#######≈
##..........P..≈≈≈≈≈≈≈≈≈≈
#...........#....≈≈≈≈≈≈≈≈
#P..##P........#...#.P# ##..#
#P..............#


You could see 2 swamp worms.

Vanquished Creatures
  A flayed ghost (D:9)
  Pikel (D:6)
  2 black mambas
  3 spiny frogs
  2 orc warriors (D:7)
  The ghost of yogakurto the Ducker, an amateur DrAM of the Shining One (D:3)
  9 blink frogs (Lair:1)
  4 wraiths (D:9)
  A shadow (D:9)
  Sigmund (D:4)
  7 yaks
  A hill giant zombie (D:10)
  A hog (D:8)
  A human (D:8)
  2 fire bats (D:9)
  A steam dragon (D:8)
  A hippogriff (D:7)
  2 hungry ghosts
  Edmund (D:6)
  Menkaure (D:7)
  2 water moccasins
  8 porcupines
  A black bear (D:10)
  5 phantoms
  3 sky beasts
  An ice beast (D:9)
  4 ogres
  5 centaurs
  6 crocodiles
  A big kobold (D:6)
  6 giant frogs
  A wyvern zombie (D:10)
  3 scorpions
  3 troll zombies (D:10)
  4 wights (D:10)
  An electric eel (Lair:2)
  A howler monkey (D:10)
  5 crimson imps
  A giant frog zombie (D:8)
  2 jellies
  2 hounds
  6 orc priests
  8 orc wizards
  3 giant frog skeletons
  Jessica (D:3)
  11 iguanas
  6 worker ants
  A killer bee zombie (D:7)
  3 sheep (D:8)
  4 ogre zombies (D:10)
  A hound zombie (D:7)
  A hound skeleton (D:6)
  Robin (D:3)
  2 gnolls
  A worker ant zombie (D:9)
  A howler monkey skeleton (D:7)
  7 adders
  9 river rats
  A shadow imp (D:7)
  2 oozes
  An adder skeleton (D:9)
  17 worms
  A dart slug (D:2)
  7 giant geckos
  29 orcs
  21 bats
  6 giant cockroaches
  14 hobgoblins
  10 jackals
  3 quokkas
  2 ball pythons
  A giant gecko skeleton (D:4)
  5 giant newts
  17 goblins
  2 goblin skeletons (D:10)
  6 goblin zombies
  3 hobgoblin skeletons (D:10)
  4 hobgoblin zombies (D:10)
  A jackal skeleton (D:6)
  11 kobolds
  12 orc zombies (D:10)
  5 rats
  2 fungi
  3 plants (Lair:2)
360 creatures vanquished.

Vanquished Creatures (collateral kills)
  3 gnolls (D:4)
3 creatures vanquished.

Vanquished Creatures (others)
  3 slaves (D:7)
  An orc wizard (D:7)
  A fungus (Lair:2)
  3 plants
8 creatures vanquished.

Grand Total: 371 creatures vanquished

Notes
Turn   | Place    | Note
--------------------------------------------------------------
     0 | D:1      | ShittyPlayer the Demonspawn Wizard began the quest for the Orb.
     0 | D:1      | Reached XP level 1. HP: 13/13 MP: 4/4
   404 | D:1      | Gained mutation: You are partially covered in sharp spines. [demonic ancestry]
   404 | D:1      | Reached XP level 2. HP: 16/19 MP: 1/6
   777 | D:1      | Reached skill level 1 in Fighting
  1198 | D:2      | Gained mutation: You are slightly more attuned to the shadows. [demonic ancestry]
  1198 | D:2      | Reached XP level 3. HP: 25/27 MP: 0/7
  1374 | D:2      | Found a white marble altar of Elyvilon.
  1861 | D:2      | Found a sacrificial altar of Ru.
  1919 | D:2      | Found a bloodstained altar of Trog.
  2123 | D:2      | Reached XP level 4. HP: 29/35 MP: 8/8
  2154 | D:3      | Found a shimmering altar of Xom.
  2154 | D:3      | Found a stormy altar of Qazlal.
  2156 | D:3      | Found a sparkling altar of Nemelex Xobeh.
  2158 | D:3      | Found an oddly glowing altar of Pakellas.
  2158 | D:3      | Found a basalt altar of Yredelemnul.
  2167 | D:3      | Gained mutation: You possess an exceptional clarity of mind. [potion of mutation]
  2167 | D:3      | Gained mutation: Potions and wands are less effective at restoring your health. [potion of mutation]
  2186 | D:3      | Noticed Robin
  2213 | D:3      | Killed Robin
  2356 | D:3      | Noticed a phantom
  2391 | D:3      | Killed a phantom
  2391 | D:3      | Gained mutation: You are partially covered in iridescent scales (AC +4). [demonic ancestry]
  2391 | D:3      | Reached XP level 5. HP: 42/43 MP: 1/9
  2486 | D:3      | Found a sacrificial altar of Ru.
  2542 | D:3      | Noticed Jessica
  2547 | D:3      | Killed Jessica
  2547 | D:3      | Reached skill level 5 in Fighting
  2760 | D:3      | Noticed yogakurto's ghost (amateur DrAM)
  3134 | D:3      | Killed yogakurto's ghost
  3134 | D:3      | Gained mutation: You have sharp toenails. [demonic ancestry]
  3134 | D:3      | Reached XP level 6. HP: 23/53 MP: 10/10
  3623 | D:4      | Gained mutation: You are mostly covered in iridescent scales (AC +6). [demonic ancestry]
  3623 | D:4      | Reached XP level 7. HP: 50/60 MP: 5/11
  4089 | D:4      | Noticed Sigmund
  4187 | D:4      | Killed Sigmund
  4208 | D:4      | Found a radiant altar of Vehumet.
  4448 | D:4      | Reached skill level 1 in Axes
  4458 | D:4      | Reached skill level 2 in Axes
  4534 | D:4      | Reached XP level 8. HP: 69/69 MP: 12/12
  4828 | D:5      | Entered Level 5 of the Dungeon
  4906 | D:5      | Reached skill level 3 in Axes
  4970 | D:5      | Found a radiant altar of Vehumet.
  5117 | D:5      | Reached skill level 4 in Axes
  5190 | D:5      | Reached skill level 5 in Axes
  5274 | D:5      | Found a staircase to the Ecumenical Temple.
  5279 | Temple   | Entered the Ecumenical Temple
  5952 | D:5      | Found a burning altar of Makhleb.
  6123 | D:6      | Reached skill level 6 in Axes
  6184 | D:6      | Noticed Edmund
  6487 | D:6      | Killed Edmund
  6487 | D:6      | Reached skill level 7 in Axes
  6487 | D:6      | Reached XP level 9. HP: 16/75 MP: 13/13
  6575 | D:6      | Found a sand-covered staircase.
  6747 | D:6      | Identified a -1 rod of shadows (9/9) (You found it on level 6 of the Dungeon)
  6940 | D:6      | Reached skill level 8 in Axes
  7847 | D:7      | Noticed Pikel
  7875 | D:6      | Killed Pikel
  7875 | D:6      | Reached skill level 9 in Axes
  8633 | D:7      | Found a glowing golden altar of the Shining One.
  8641 | D:7      | Noticed Menkaure
  8648 | D:7      | Killed Menkaure
  9067 | D:7      | Reached skill level 10 in Axes
  9789 | D:8      | Reached XP level 10. HP: 78/82 MP: 14/14
 10432 | D:8      | Reached skill level 11 in Axes
 10804 | D:8      | Found a staircase to the Lair.
 11026 | D:8      | Found an iron altar of Okawaru.
 11033 | D:8      | Became a worshipper of Warmaster Okawaru
 11095 | D:8      | Reached skill level 12 in Axes
 11408 | D:9      | Found a shattered altar of Ashenzari.
 11682 | D:9      | Identified Kemes's Disquisition on Orientation and the Rocks
 11806 | D:9      | Found a runed door.
 11809 | D:9      | Found a bloodstained altar of Trog.
 11819 | D:9      | Found a white marble altar of Elyvilon.
 11826 | D:9      | Found an oddly glowing altar of Pakellas.
 11827 | D:9      | Reached * piety under Okawaru
 12053 | D:9      | Found a shadowy altar of Dithmenos.
 12068 | D:9      | Found a shimmering altar of Xom.
 12100 | D:9      | Noticed a flayed ghost
 12106 | D:9      | Killed a flayed ghost
 12106 | D:9      | Reached XP level 11. HP: 87/87 MP: 15/15
 12132 | D:9      | Found a snail-covered altar of Cheibriados.
 12141 | D:9      | Reached skill level 13 in Axes
 12506 | D:10     | Entered Level 10 of the Dungeon
 12541 | D:10     | Reached ** piety under Okawaru
 12582 | D:10     | Found a staircase to the Orcish Mines.
 13113 | D:10     | Found a bloodstained altar of Trog.
 13439 | Lair:1   | Entered Level 1 of the Lair of Beasts
 13445 | Lair:1   | Identified a scroll of acquirement
 13941 | Lair:1   | Reached *** piety under Okawaru
 14041 | Lair:1   | Reached skill level 14 in Axes
 15370 | Lair:2   | Reached **** piety under Okawaru
 15981 | Lair:2   | Slain by a swamp worm

Vault maps used:
D:1:      minmay_arrival_arboretum_small
D:2:      nicolae_overflow_hidden_temple, lemuel_doored_altar,
          minmay_gold_behind_fungi, nicolae_ru_path_of_blood
D:3:      nicolae_overflow_crystal_walls, grunt_temple_overflow_open,
          feat_on_display, uniq_jessica, uniq_robin
D:4:      vehumet_altar_wand_db, first_bread, uniq_sigmund
D:5:      bloody_makhleb, minmay_temple_entry_nine_rooms, basic_altar,
          sigmund_army
D:6:      enter_ossuary_4, minmay_unpleasant_kobolds, uniq_edmund
D:7:      tso_oasis_becter, uniq_pikel, uniq_menkaure
D:8:      lemuel_coloured_pillars_altar, minmay_lair_entry_grove,
          grunt_livestock
D:9:      due_megacathedral, ashenzari_conservatory_becter
D:10:     zombieorc2_lemuel, trog_book
Temple:   temple_island_7
Lair:1:   beast_lair_carwin_8
Lair:2:   minivault_23, worms_lemuel, lemuel_fruit_tree, serial_bayou_shore_a

Skill      XL: |  1  2  3  4  5  6  7  8  9 10 11 |
---------------+----------------------------------+-----
Conjurations   | 2 |  2.0
Fighting       | 2 3 4 6 7 8 |  8.4
Axes           | 2 7 10 12 14 | 14.9
Dodging        | |  1.7
Stealth        | |  1.7
Spellcasting   | |  3.0
Summonings     | |  1.0
Translocations | |  0.8

Action                   |  1- 3 |  4- 6 |  7- 9 | 10-12 || total
-------------------------+-------+-------+-------+-------++-------
Melee: Unarmed           |     3 |       |       |       ||     3
       Short sword       |    11 |       |       |       ||    11
       Dagger            |    47 |   116 |   539 |       ||   702
       War axe           |       |       |    61 |   316 ||   377
       Battleaxe         |       |       |       |   243 ||   243
 Cast: Magic Dart        |    47 |    15 |     1 |       ||    63
Invok: Heroism           |       |       |       |     3 ||     3
Evoke: Wand              |       |       |    20 |     4 ||    24
       Deck              |       |       |       |     5 ||     5
       Rod               |       |       |       |     2 ||     2
  Use: Scroll            |     4 |     2 |     6 |    10 ||    22
       Potion            |       |     2 |     6 |     4 ||    12
 Stab: Sleeping          |     4 |     4 |     4 |       ||    12
       Confused          |       |       |       |     1 ||     1
  Eat: Chunk             |     3 |     5 |    11 |     5 ||    24
       Meat ration       |       |       |     1 |       ||     1
       Bread ration      |       |       |     1 |     4 ||     5
